PA
COLUMBIA RIVER RATS @ NEBRASKA PLAINSMEN
08/22/2028
 
TOP OF THE 1ST
Columbia River Rats batting - Pitching for Nebraska Plainsmen : RHP Markus Visser
Pitching: RHP Markus Visser
Batting: RHB Víctor Hernández 0-0: Called Strike
0-1: Ball
1-1: Ball
2-1: Called Strike
2-2: Ground out 6-3 (Groundball, 56)
Batting: RHB Mario Jacome 0-0: Fly out, F2 (Popup, 15)
Batting: RHB Michael Walters 0-0: Called Strike
0-1: Ground out U3 (Groundball, 3L)
Top of the 1st over - 0 run(s), 0 hit(s), 0 error(s), 0 left on base; Columbia 0 - Nebraska 0
BOTTOM OF THE 1ST
Nebraska Plainsmen batting - Pitching for Columbia River Rats : RHP Manuel Sánchez
Pitching: RHP Manuel Sánchez
Batting: LHB Elian Gonzalez 0-0: Fly out, F7 (Line Drive, 78M)
Batting: LHB Gilberto Moreno 0-0: Ball
1-0: Foul Ball, location: 2F
1-1: Ball
2-1: SINGLE (Line Drive, 89S)
Batting: SHB Keyveat Postell 0-0: Swinging Strike
0-1: Called Strike
0-2: Strikes out swinging
Batting: LHB Josh Platt 0-0: Ball
1-0: Called Strike
1-1: Ball
2-1: Foul Ball, location: 2F
2-2: Ball
3-2: Foul Ball, location: 2F
3-2: Ground out 5-3 (Groundball, 56S)
Bottom of the 1st over - 0 run(s), 1 hit(s), 0 error(s), 1 left on base; Columbia 0 - Nebraska 0
TOP OF THE 2ND
Columbia River Rats batting - Pitching for Nebraska Plainsmen : RHP Markus Visser
Batting: RHB Marcos Rico 0-0: Ball
1-0: Ground out 4-3 (Groundball, 4)
Batting: SHB Robert Hillier 0-0: Called Strike
0-1: Ball
1-1: Ball
2-1: Ball
3-1: Fly out, F8 (Flyball, 8LD)
Batting: RHB Dan Parkinson 0-0: Ball
1-0: DOUBLE (Groundball, 5L)
Batting: RHB Richard Blackburn 0-0: Swinging Strike
0-1: Foul Ball, location: 2F
0-2: Ground out 6-3 (Groundball, 6)
Top of the 2nd over - 0 run(s), 1 hit(s), 0 error(s), 1 left on base; Columbia 0 - Nebraska 0
BOTTOM OF THE 2ND
Nebraska Plainsmen batting - Pitching for Columbia River Rats : RHP Manuel Sánchez
Batting: LHB Gerardo Ponce de Leon 0-0: Foul Ball, location: 2F
0-1: Foul Ball, location: 2F
0-2: Strikes out looking
Batting: RHB Harith Karim 0-0: Called Strike
0-1: Called Strike
0-2: Strikes out swinging
Batting: RHB Shelby Loudenslager 0-0: Called Strike
0-1: Ball
1-1: Ball
2-1: Swinging Strike
2-2: Foul Ball, location: 2F
2-2: Foul Ball, location: 2F
2-2: Strikes out swinging
Bottom of the 2nd over - 0 run(s), 0 hit(s), 0 error(s), 0 left on base; Columbia 0 - Nebraska 0
TOP OF THE 3RD
Columbia River Rats batting - Pitching for Nebraska Plainsmen : RHP Markus Visser
Batting: RHB Fernando Arévalo 0-0: Swinging Strike
0-1: Fly out, F9 (Flyball, 89M)
Batting: RHB Miguel Delgado 0-0: Ball
1-0: Called Strike
1-1: SINGLE (Line Drive, 4MD)
Batting: RHB Víctor Hernández 0-0: Foul Ball, location: 2F
0-1: Ball
1-1: Ball
2-1: SINGLE (Line Drive, 8LS)
Miguel Delgado to second
Batting: RHB Mario Jacome 0-0: SINGLE (Line Drive, 56D)
Miguel Delgado to third
Víctor Hernández to second
Batting: RHB Michael Walters 0-0: Ball
1-0: Ball
2-0: Foul Ball, location: 2F
2-1: Ball
3-1: DOUBLE (Groundball, 5L)
Miguel Delgado scores
Víctor Hernández scores
Mario Jacome to third
Runner from 3rd tries for Home, SAFE, no throw
Batting: RHB Marcos Rico 0-0: Called Strike
0-1: DOUBLE (Line Drive, 9LD)
Michael Walters scores
Batting: SHB Robert Hillier 0-0: Foul Ball, location: 2F
0-1: Ball
1-1: Ball
2-1: Swinging Strike
2-2: Ball
3-2: Foul Ball, location: 2F
3-2: Fly out, F7 (Flyball, 7S)
Batting: RHB Dan Parkinson 0-0: Ball
1-0: Ball
2-0: Ground out 4-3 (Groundball, 4S)
Top of the 3rd over - 4 run(s), 5 hit(s), 0 error(s), 1 left on base; Columbia 4 - Nebraska 0
BOTTOM OF THE 3RD
Nebraska Plainsmen batting - Pitching for Columbia River Rats : RHP Manuel Sánchez
Batting: LHB Bob Knutson 0-0: Ball
1-0: Ground out 6-3 (Groundball, 6)
Batting: LHB Michael Cochran 0-0: Ground out 4-3 (Groundball, 4S)
Batting: LHB Elian Gonzalez 0-0: Called Strike
0-1: Ball
1-1: Ball
2-1: Fly out, F7 (Line Drive, 78M)
Bottom of the 3rd over - 0 run(s), 0 hit(s), 0 error(s), 0 left on base; Columbia 4 - Nebraska 0
TOP OF THE 4TH
Columbia River Rats batting - Pitching for Nebraska Plainsmen : RHP Markus Visser
Batting: RHB Richard Blackburn 0-0: Ball
1-0: Foul Ball, location: 2F
1-1: Ball
2-1: Swinging Strike
2-2: Ground out 6-3 (Groundball, 6)
Batting: RHB Fernando Arévalo 0-0: Fly out, F9 (Flyball, 9S)
Batting: RHB Miguel Delgado 0-0: SINGLE (Groundball, 56D)
Batting: RHB Víctor Hernández 0-0: Called Strike
0-1: Ball
1-1: Called Strike
1-2: Fielders Choice at 2nd, 6-4 (Groundball, 6)
Top of the 4th over - 0 run(s), 1 hit(s), 0 error(s), 0 left on base; Columbia 4 - Nebraska 0
BOTTOM OF THE 4TH
Nebraska Plainsmen batting - Pitching for Columbia River Rats : RHP Manuel Sánchez
Batting: LHB Gilberto Moreno 0-0: Called Strike
0-1: Fly out, F9 (Flyball, 89M)
Batting: SHB Keyveat Postell 0-0: Ball
1-0: Swinging Strike
1-1: Ground out U3 (Groundball, 3)
Batting: LHB Josh Platt 0-0: Ball
1-0: Fly out, F6 (Line Drive, 6)
Bottom of the 4th over - 0 run(s), 0 hit(s), 0 error(s), 0 left on base; Columbia 4 - Nebraska 0
TOP OF THE 5TH
Columbia River Rats batting - Pitching for Nebraska Plainsmen : RHP Markus Visser
Batting: RHB Mario Jacome 0-0: Ball
1-0: Ball
2-0: Ball
3-0: Base on Balls
Batting: RHB Michael Walters 0-0: Called Strike
Mario Jacome steals 2nd base
0-1: Foul Ball, location: 2F
0-2: Ground out 1-3 (Groundball, 13S)
Mario Jacome to third
Batting: RHB Marcos Rico 0-0: Ball
1-0: Called Strike
1-1: Ball
2-1: Called Strike
2-2: Foul Ball, location: 2F
2-2: Ball
3-2: Foul Ball, location: 2F
3-2: Base on Balls
Batting: SHB Robert Hillier 0-0: Ball
1-0: Called Strike
Marcos Rico steals 2nd base
1-1: Ground out 4-3 (Groundball, 4D)
Mario Jacome scores
Marcos Rico to third
Batting: RHB Dan Parkinson 0-0: Ball
1-0: Called Strike
1-1: Ground out 4-3 (Groundball, 4)
Top of the 5th over - 1 run(s), 0 hit(s), 0 error(s), 1 left on base; Columbia 5 - Nebraska 0
BOTTOM OF THE 5TH
Nebraska Plainsmen batting - Pitching for Columbia River Rats : RHP Manuel Sánchez
Batting: LHB Gerardo Ponce de Leon 0-0: Ball
1-0: Called Strike
1-1: Called Strike
1-2: Strikes out looking
Batting: RHB Harith Karim 0-0: Ball
1-0: Ball
2-0: Ground out 1-3 (Groundball, 13S)
Batting: RHB Shelby Loudenslager 0-0: Ball
1-0: Foul Ball, location: 2F
1-1: Swinging Strike
1-2: Strikes out looking
Bottom of the 5th over - 0 run(s), 0 hit(s), 0 error(s), 0 left on base; Columbia 5 - Nebraska 0
TOP OF THE 6TH
Columbia River Rats batting - Pitching for Nebraska Plainsmen : RHP Markus Visser
Pitching: RHP António Fernández
Batting: RHB Richard Blackburn 0-0: Ball
1-0: Foul Ball, location: 2F
1-1: Ball
2-1: Ground out 1-3 (Groundball, 13)
Batting: RHB Fernando Arévalo 0-0: Called Strike
0-1: Called Strike
0-2: Ball
1-2: Ball
2-2: Ball
3-2: Strikes out swinging
Batting: RHB Miguel Delgado 0-0: Ball
1-0: Ball
2-0: Foul Ball, location: 2F
2-1: Swinging Strike
2-2: Foul Ball, location: 2F
2-2: Strikes out swinging
Top of the 6th over - 0 run(s), 0 hit(s), 0 error(s), 0 left on base; Columbia 5 - Nebraska 0
BOTTOM OF THE 6TH
Nebraska Plainsmen batting - Pitching for Columbia River Rats : RHP Manuel Sánchez
Batting: LHB Bob Knutson 0-0: Ball
1-0: Ball
2-0: Called Strike
2-1: Ball
3-1: Base on Balls
Batting: LHB Michael Cochran 0-0: Called Strike
0-1: Foul Ball, location: 2F
0-2: Foul Ball, location: 2F
0-2: Fielders Choice at 2nd, 3-6 (Groundball, 34)
Batting: LHB Elian Gonzalez 0-0: Ball
1-0: Called Strike
1-1: DOUBLE (Line Drive, 78D)
Michael Cochran to third
Batting: LHB Gilberto Moreno 0-0: Called Strike
0-1: Ball
1-1: Ball
2-1: Foul Ball, location: 2F
2-2: Ball
3-2: Fly out, F8 (Flyball, 8LS)
Batting: SHB Keyveat Postell 0-0: Foul Ball, location: 2F
0-1: Foul Ball, location: 2F
0-2: Foul Ball, location: 2F
0-2: Foul Ball, location: 2F
0-2: Strikes out looking
Bottom of the 6th over - 0 run(s), 1 hit(s), 0 error(s), 2 left on base; Columbia 5 - Nebraska 0
TOP OF THE 7TH
Columbia River Rats batting - Pitching for Nebraska Plainsmen : RHP António Fernández
Batting: RHB Víctor Hernández 0-0: Ground out 6-3 (Groundball, 6MD)
Batting: RHB Mario Jacome 0-0: Called Strike
0-1: Called Strike
0-2: Foul Ball, location: 2F
0-2: Ball
1-2: Ball
2-2: Foul Ball, location: 2F
2-2: Foul Ball, location: 2F
2-2: Strikes out swinging
Batting: RHB Michael Walters 0-0: Ball
1-0: Ball
2-0: Ball
3-0: Called Strike
3-1: Base on Balls
Batting: RHB Marcos Rico 0-0: Ball
1-0: Called Strike
1-1: Foul Ball, location: 2F
1-2: Ball
2-2: Foul Ball, location: 2F
2-2: Foul Ball, location: 2F
2-2: Foul Ball, location: 2F
2-2: Ball
3-2: Fly out, F3 (Flyball, 3D)
Top of the 7th over - 0 run(s), 0 hit(s), 0 error(s), 1 left on base; Columbia 5 - Nebraska 0
BOTTOM OF THE 7TH
Nebraska Plainsmen batting - Pitching for Columbia River Rats : RHP Manuel Sánchez
Batting: LHB Josh Platt 0-0: Ball
1-0: Ball
2-0: Fly out, F3 (Popup, 34S)
Batting: LHB Gerardo Ponce de Leon 0-0: Ground out 2-3 (Groundball, 15S)
Batting: RHB Harith Karim 0-0: Foul Ball, location: 2F
0-1: Called Strike
0-2: Strikes out swinging
Bottom of the 7th over - 0 run(s), 0 hit(s), 0 error(s), 0 left on base; Columbia 5 - Nebraska 0
TOP OF THE 8TH
Columbia River Rats batting - Pitching for Nebraska Plainsmen : RHP António Fernández
Batting: SHB Robert Hillier 0-0: Ball
1-0: Called Strike
1-1: Ball
2-1: Ball
3-1: Foul Ball, location: 2F
3-2: Base on Balls
Batting: RHB Dan Parkinson 0-0: Ball
1-0: Ball
2-0: Swinging Strike
2-1: SINGLE (Line Drive, 4MD)
Robert Hillier to second
Batting: RHB Richard Blackburn 0-0: Bunted foul
0-1: Sac Bunt - play at first, batter OUT! 1-4
Robert Hillier to third
Dan Parkinson to second
Batting: RHB Fernando Arévalo 0-0: Ball
1-0: Ball
2-0: Ball
3-0: Called Strike
3-1: Ground out 6-3 (Groundball, 6)
Robert Hillier scores
Dan Parkinson to third
Batting: RHB Miguel Delgado 0-0: Foul Ball, location: 2F
0-1: Foul Ball, location: 2F
0-2: Ball
1-2: Ground out 5-3 (Groundball, 56S)
Top of the 8th over - 1 run(s), 1 hit(s), 0 error(s), 1 left on base; Columbia 6 - Nebraska 0
BOTTOM OF THE 8TH
Nebraska Plainsmen batting - Pitching for Columbia River Rats : RHP Manuel Sánchez
Now at 3B: Gil Simmons
Batting: RHB Shelby Loudenslager 0-0: SINGLE (Line Drive, 78M)
Batting: LHB Bob Knutson 0-0: Grounds into double play, 6-4-3 (Groundball, 6)
Batting: LHB Michael Cochran 0-0: Called Strike
0-1: Ball
1-1: Foul Ball, location: 2F
1-2: Ball
2-2: DOUBLE (Line Drive, 7LM)
Pitching: RHP Toshiharu Kuhabara
Batting: LHB Elian Gonzalez 0-0: Ball
1-0: Foul Ball, location: 2F
1-1: Foul Ball, location: 2F
1-2: Strikes out swinging
Bottom of the 8th over - 0 run(s), 2 hit(s), 0 error(s), 1 left on base; Columbia 6 - Nebraska 0
TOP OF THE 9TH
Columbia River Rats batting - Pitching for Nebraska Plainsmen : RHP António Fernández
Pitching: LHP I-tsing Ts'ong
Batting: RHB Víctor Hernández 0-0: Ball
1-0: Called Strike
1-1: Ball
2-1: Called Strike
2-2: Strikes out swinging
Batting: RHB Mario Jacome 0-0: Ball
1-0: Foul Ball, location: 2F
1-1: Fly out, F9 (Flyball, 9LS)
Batting: RHB Michael Walters 0-0: Ball
1-0: Called Strike
1-1: Swinging Strike
1-2: Strikes out swinging
Top of the 9th over - 0 run(s), 0 hit(s), 0 error(s), 0 left on base; Columbia 6 - Nebraska 0
BOTTOM OF THE 9TH
Nebraska Plainsmen batting - Pitching for Columbia River Rats : RHP Toshiharu Kuhabara
Now in CF: Yves Girard
Batting: LHB Gilberto Moreno 0-0: Foul Ball, location: 2F
0-1: Ball
1-1: Foul Ball, location: 2F
1-2: Foul Ball, location: 2F
1-2: Foul Ball, location: 2F
1-2: Ball
2-2: Ball
3-2: SINGLE (Groundball, 34D)
Batting: SHB Keyveat Postell 0-0: Swinging Strike
0-1: Ball
1-1: Swinging Strike
1-2: Strikes out swinging
Batting: LHB Josh Platt 0-0: Called Strike
0-1: Foul Ball, location: 2F
0-2: Foul Ball, location: 2F
0-2: Ball
1-2: Foul Ball, location: 2F
1-2: Ball
2-2: Strikes out swinging
Batting: LHB Gerardo Ponce de Leon 0-0: Called Strike
0-1: Ball
1-1: Ball
2-1: Called Strike
2-2: Ball
3-2: Base on Balls
Gilberto Moreno to second
Batting: RHB Harith Karim 0-0: Ball
1-0: Called Strike
1-1: Foul Ball, location: 2F
1-2: SINGLE (Flyball, 8RS)
Gilberto Moreno to third
Gerardo Ponce de Leon to second
Runner from 3rd tries for Home, SAFE, throw made home
Batting: RHB Shelby Loudenslager 0-0: Called Strike
0-1: Swinging Strike
0-2: Ball
1-2: Ball
2-2: Foul Ball, location: 2F
2-2: Fielders Choice at 2nd, 6-4 (Groundball, 6)
Bottom of the 9th over - 1 run(s), 2 hit(s), 0 error(s), 1 left on base; Columbia 6 - Nebraska 1
Monday, August 28th, 2017 - OOTP Baseball 17.12 Build 75